 Dungeon Crawl Stone Soup version 0.21-a0-238-geb0acef (webtiles) character file.

3572 Gorglomux the Covert (level 9, -4/41 HPs)
             Began as a Spriggan Hunter on Sept 2, 2017.
             Was an Initiate of Dithmenos.
             Slain by a yak (17 damage)
             ... on level 9 of the Dungeon.
             The game lasted 00:24:03 (12727 turns).

Gorglomux the Covert (Spriggan Hunter)             Turns: 12727, Time: 00:24:04

Health: -4/41      AC:  2    Str:  8    XL:     9   Next: 84%
Magic:  19/19      EV: 28    Int: 13    God:    Dithmenos [......]
Gold:   424        SH:  4    Dex: 19    Spells: 8/8 levels left

rFire    . . .     SeeInvis +   b - +2 shortbow
rCold    . . .     Gourm    .   (shield currently unavailable)
rNeg     . . .     Faith    .   c - +0 robe
rPois    .         Spirit   .   (helmet restricted)
rElec    .         Reflect  +   (no cloak)
rCorr    .         Harm     .   (gloves unavailable)
MR       +....                  (boots unavailable)
Stlth    +++++.....             C - +4 amulet of reflection
HPRegen  0.13/turn              (no ring)
MPRegen  0.16/turn              m - ring of magical power

@: very quick
A: unfitting armour, see invisible, herbivore 3, speed 3, slow metabolism 2
a: Renounce Religion


You were on level 9 of the Dungeon.
You worshipped Dithmenos.
Dithmenos was noncommittal.
You were not hungry.

You visited 2 branches of the dungeon, and saw 10 of its levels.
You also visited: Ossuary.

You collected 424 gold pieces.

Inventory:

Hand Weapons
 a - a +0 hunting sling
 b - a +2 shortbow (weapon)
 q - a +0 blowgun
Missiles
 d - 160 arrows (quivered)
 j - 6 curare-tipped needles
 y - 38 sling bullets
 A - 154 stones
Armour
 c - a +0 robe (worn)
Jewellery
 m - a ring of magical power (right hand)
 p - an uncursed amulet of magic regeneration
 C - a +4 amulet of reflection (around neck)
 X - the ring "Jixof" {Fire rPois MR+ SInv Stlth-}
   (You found it on level 7 of the Dungeon)

   [ring of fire]

   It enhances your fire magic.
   It protects you from fire.
   It makes you vulnerable to cold.
   It protects you from poison.
   It affects your resistance to hostile enchantments.
   It lets you see invisible.
   It makes you less stealthy.
 Y - an uncursed ring of resist corrosion {unknown}
Wands
 D - a wand of digging (6/24)
 I - a wand of iceblast (15/15)
 P - a wand of paralysis (9/24)
 R - a wand of paralysis (13/24)
Scrolls
 l - 7 scrolls of remove curse
 n - 6 scrolls of recharging
 w - 2 scrolls of enchant armour {unknown}
 E - 3 scrolls of enchant weapon
 F - 2 scrolls of fear {unknown}
 H - a scroll of noise {unknown}
 L - 2 scrolls of immolation {unknown}
 M - a scroll of magic mapping
 O - a scroll of blinking {unknown}
 T - 4 scrolls of teleportation
 Z - a scroll of acquirement {unknown}
Potions
 g - 2 potions of lignification
 i - 2 potions of flight
 k - a potion of mutation {!q}
 r - 2 potions of invisibility
 s - 3 potions of degeneration
 u - 3 potions of brilliance
 v - a potion of ambrosia
 x - 3 potions of heal wounds
 z - 2 potions of cancellation
 N - 2 potions of might
 Q - a potion of curing
 S - a potion of agility {unknown}
 U - 4 potions of berserk rage
 V - 3 potions of resistance
Books
 J - a book of Callings

   Spells                             Type                      Level
   a - Summon Small Mammal            Summoning                    1
   b - Call Imp                       Summoning                    2
   c - Call Canine Familiar           Summoning                    3
   d - Summon Guardian Golem          Hexes/Summoning              3
   e - Summon Lightning Spire         Summoning/Air                4
   f - Summon Ice Beast               Ice/Summoning                4
 K - a book of Misfortune

   Spells                             Type                      Level
   a - Confusing Touch                Hexes                        1
   b - Confuse                        Hexes                        3
   c - Gell's Gravitas                Translocation                3
   d - Petrify                        Transmutation/Earth          4
   e - Metabolic Englaciation         Hexes/Ice                    5
   f - Yara's Violent Unravelling     Hexes/Transmutation          5
Comestibles
 f - 5 bread rations
 W - 2 royal jellies


   Skills:
 - Level 1.5 Fighting
 - Level 8.6 Slings
 + Level 9.0 Bows
 + Level 10.6 Dodging
 + Level 11.3 Stealth


You had 8 spell levels left.
You didn't know any spells.

Dungeon Overview and Level Annotations

Branches:
Dungeon (9/15)             Temple (1/1) D:4
   Lair: D:8-11         Orc: D:9-12

Altars:
Ashenzari
Cheibriados
Dithmenos
Elyvilon
Fedhas
Gozag
Hepliaklqana
Kikubaaqudgha
Makhleb
Nemelex Xobeh
Okawaru
Qazlal
Ru
Sif Muna
Trog
Uskayaw
Vehumet
Wu Jian
Xom
Yredelemnul
Zin
The Shining One

Annotations:
D:4 Dowan; Duvessa; p0werm0de's ghost, amateur DsFi


Innate Abilities, Weirdness & Mutations

You are very small and have problems with some larger weapons.
You are too small for most types of armour.
You have supernaturally acute eyesight. (SInv)
You are a herbivore.
You cover ground extremely quickly.
You need consume almost no food.


Message History

Aim: a yak (moderately wounded, slow, poisoned)
You shoot an arrow! The arrow hits the yak!
The yak is moderately wounded!
Firing (i - inventory! (,) - cycle): butt - 163 arrows (quivered)
Press: ? - help, Shift-Dir - straight line, f/p - yak Butt: a yak (moderately wounded, slow, poisoned)
You shoot an arrow! The arrow hits the yak!
The yak is heavily wounded!
Firing (i - inventory! (,) - cycle):
d - 162 arrows (quivered)
Press: ? - help, Shift-Dir - straight line, f/p - yak
Aim: a yak (heavily wounded, slow, poisoned)
You shoot an arrow! The arrow hits the yak!
The yak is heavily wounded!
Firing (i - butt! (,) - cycle):
d - 161 arrows (quivered)
Press: ? - help, Shift-Dir - straight line, f/p - yak
Aim: a butt (heavily wounded, slow, poisoned)
You butt an arrow!
The arrow hits the yak!
The yak is lightly wounded!
The yak gores butt!!! rip

.# .# ##.
#.. #.#
###.####
#......#
#....<.# ..
#.@..).#
###....
#..YY..#
.Y(Y((.
####..((..#
###..Y)
#.....(...#
# Y
#..##..(...#
... #.(.(..#
.# ##(#####
#...## ##
###..#


You could see 2 yaks.

Vanquished Creatures
  The ghost of p0werm0de the Shield-Bearer, a novice DsFi of Qazlal (D:5)
  2 hippogriffs
  A wraith (Ossuary)
  2 yaks (D:9)
  Sigmund (D:4)
  A hungry ghost (D:9)
  2 water moccasins
  A sky beast (D:7)
  A black bear (D:7)
  3 ogres
  3 centaurs
  2 big kobolds
  3 bullfrogs
  3 killer bees (D:7)
  3 crimson imps
  2 quasits
  A bullfrog zombie (D:7)
  3 hounds
  An orc priest (D:5)
  2 bullfrog skeletons (D:6)
  3 orc wizards
  4 worker ants
  2 hound zombies
  A hound skeleton (D:4)
  A mummy (Ossuary)
  3 gnolls (D:3)
  8 adders
  A shadow imp (D:6)
  An adder zombie (D:9)
  2 adder skeletons (D:8)
  3 worms
  2 dart slugs
  6 leopard geckos
  11 orcs
  8 giant cockroaches
  5 goblins
  12 hobgoblins
  4 jackals (D:5)
  18 kobolds
  6 quokkas
  2 ball pythons
  A ball python skeleton (D:4)
  7 bats
  9 frilled lizards
  9 gnoll skeletons (Ossuary)
  3 kobold skeletons (Ossuary)
  13 orc skeletons (Ossuary)
  A quokka skeleton (D:4)
  3 rats
187 creatures vanquished.

Vanquished Creatures (others)
  An orc (D:5)
1 creature vanquished.

Grand Total: 188 creatures vanquished

Notes
Turn   | Place    | Note
-------+----------+-------------------------------------------
     0 | D:1      | Gorglomux the Spriggan Hunter began the quest for the Orb.
     0 | D:1      | Reached XP level 1. HP: 10/10 MP: 2/2
     6 | D:1      | Reached skill level 2 in Stealth
   425 | D:1      | Reached XP level 2. HP: 10/14 MP: 3/3
   648 | D:1      | Reached skill level 3 in Stealth
  1441 | D:2      | Reached XP level 3. HP: 18/18 MP: 4/4
  1875 | D:2      | Reached skill level 4 in Stealth
  2546 | D:2      | Reached XP level 4. HP: 6/22 MP: 5/5
  3158 | D:2      | Found a sacrificial altar of Ru.
  3892 | D:3      | Reached skill level 5 in Stealth
  3990 | D:3      | Reached skill level 1 in Slings
  4047 | D:3      | Found a white marble altar of Elyvilon.
  4277 | D:3      | Reached XP level 5. HP: 25/25 MP: 6/6
  4603 | D:3      | Found a shattered altar of Ashenzari.
  4904 | D:4      | Noticed Sigmund
  4916 | D:4      | Killed Sigmund
  4916 | D:4      | Reached skill level 3 in Slings
  4916 | D:4      | Reached skill level 6 in Bows
  4916 | D:4      | Reached XP level 6. HP: 30/30 MP: 7/7
  4926 | D:4      | Found a staircase to the Ecumenical Temple.
  4961 | Temple   | Entered the Ecumenical Temple
  5419 | D:4      | Found an opulent altar of Gozag.
  5459 | D:4      | Found a snail-covered altar of Cheibriados.
  5475 | D:4      | Noticed Dowan
  5480 | D:4      | Noticed Duvessa
  5617 | D:4      | Noticed a hippogriff
  5621 | D:4      | Noticed p0werm0de's ghost (amateur DsFi)
  5706 | D:4      | Killed a hippogriff
  5706 | D:4      | Reached XP level 7. HP: 33/33 MP: 8/8
  6050 | D:4      | Found an ancient bone altar of Kikubaaqudgha.
  6231 | D:5      | Entered Level 5 of the Dungeon
  6393 | D:5      | Noticed p0werm0de's ghost (novice DsFi)
  6589 | D:5      | Killed p0werm0de's ghost
  6589 | D:5      | Reached skill level 6 in Slings
  6589 | D:5      | Reached skill level 6 in Dodging
  6589 | D:5      | Reached skill level 6 in Stealth
  6589 | D:5      | Reached XP level 8. HP: 37/37 MP: 9/9
  7114 | D:5      | Found a hazy altar of Hepliaklqana.
  7807 | D:6      | Reached skill level 7 in Stealth
  7901 | D:6      | Found a sand-covered staircase.
  8091 | D:6      | Found a basalt altar of Yredelemnul.
  8119 | Ossuary  | Entered an ossuary
  8999 | D:6      | Found a glowing golden altar of the Shining One.
  9005 | D:6      | Noticed a profane servitor
  9065 | D:6      | Reached skill level 8 in Stealth
  9942 | D:6      | Noticed an angel
 10209 | D:7      | Got a clouded gossamer ring
 10287 | D:7      | Reached skill level 9 in Stealth
 10440 | D:7      | Reached XP level 9. HP: 32/41 MP: 10/10
 10534 | D:7      | Reached skill level 9 in Dodging
 10560 | D:7      | Identified the ring "Jixof" {Fire rPois MR+ SInv Stlth-} (You found it on level 7 of the Dungeon)
 11136 | D:7      | Found a deep blue altar of Sif Muna.
 11278 | D:7      | Noticed Prince Ribbit
 11419 | D:8      | Found a sparkling altar of Nemelex Xobeh.
 11573 | D:8      | Found a shimmering altar of Xom.
 11574 | D:8      | Found a shimmering altar of Xom.
 11574 | D:8      | Found a shimmering altar of Xom.
 11574 | D:8      | Found a shimmering altar of Xom.
 11576 | D:8      | Found a shimmering altar of Xom.
 11703 | D:8      | Reached skill level 10 in Stealth
 11898 | D:8      | Found a shadowy altar of Dithmenos.
 11988 | D:8      | Became a worshipper of Dithmenos the Shadowed
 12715 | D:9      | Reached skill level 11 in Stealth
 12722 | D:9      | Reached skill level 9 in Bows
 12727 | D:9      | Slain by a yak

Vault maps used:
D:1:      scummos_arrival_star, corexii_hall_statues_x
D:2:      lemuel_doored_altar, first_bread
D:3:      elyvilon_altar_5, ashenzari_conservatory_becter, minivault_25,
          st_stairs_8
D:4:      old_standard_altar, kennysheep_mini, grunt_gozag_breadcrumbs,
          minmay_temple_entry_junction, uniq_duvessa, uniq_sigmund
D:5:      kennysheep_mini_moat
D:6:      grunt_temple_overflow_holy_war, enter_ossuary_3,
          minmay_splitting_lines
D:7:      lemuel_blue_sif_altar, uniq_prince_ribbit1
D:8:      kennysheep_little_box, old_standard_altar, xom_shifter_show
D:9:      erik_lair_dragon, enter_bailey_3, nrook_guardian_serpent_ordinary
Temple:   compressed_dpeg_triangle_lava_temple
Ossuary:  ossuary_due_mausoleum

Skill      XL: |  1  2  3  4  5  6  7  8  9 |
---------------+----------------------------+-----
Stealth        | 2 3 4 5 6 9 11 | 11.3
Dodging        | 4 5 6 8 10 | 10.6
Slings         | 1 3 4 6 8 |  8.6
Bows           | 5 6 7 9 |  9.0
Fighting       | |  1.5

Action                   |  1- 3 |  4- 6 |  7- 9 || total
-------------------------+-------+-------+-------++-------
Melee: Short sword       |   164 |    54 |       ||   218
       Shortbow          |       |     1 |       ||     1
 Fire: Shortbow          |    40 |    53 |   341 ||   434
       Hunting sling     |       |   166 |   572 ||   738
       Blowgun           |       |     2 |     4 ||     6
Throw: Stone             |       |     1 |       ||     1
  Use: Scroll            |       |       |    16 ||    16
       Potion            |       |       |     3 ||     3
 Stab: Sleeping          |     4 |     4 |       ||     8
       Distracted        |     1 |       |       ||     1
  Eat: Fruit             |       |     1 |       ||     1
       Bread ration      |       |       |     2 ||     2
Armor: Robe              |    11 |     7 |     7 ||    25
       Skin              |       |       |    22 ||    22
Dodge: Dodged            |   162 |   104 |   255 ||   521
Block: Other             |       |    14 |    55 ||    69
       Reflection        |       |     1 |     5 ||     6

Table legend:
 A = Spawn XP
 B = Non-spawn XP
 C = Spawn XP percentage of total XP
 D = Spawn monster count
 E = Non-spawn monster count
 F = Spawn count percentage of total count
 G = Total turns spent on level
                    A         B        C        D         E        F      G
               +---------+---------+-------+---------+---------+-------+---------
         Total |     733 |    4370 |  14.4 |      29 |     159 |  15.4 | 12727
               +---------+---------+-------+---------+---------+-------+---------
           D:1 |       3 |      29 |   9.4 |       2 |      18 |  10.0 |  1326
           D:2 |      28 |      61 |  31.5 |       9 |      23 |  28.1 |  2039
           D:3 |      88 |      43 |  67.2 |       7 |      10 |  41.2 |  1538
           D:4 |     121 |     570 |  17.5 |       1 |      14 |   6.7 |  1141
           D:5 |      50 |     595 |   7.8 |       5 |      11 |  31.2 |  1363
           D:6 |      15 |     396 |   3.6 |       2 |      13 |  13.3 |  1578
           D:7 |       2 |     996 |   0.2 |       1 |      22 |   4.3 |  1401
           D:8 |       0 |     759 |   0.0 |       0 |      15 |   0.0 |   961
           D:9 |     426 |     660 |  39.2 |       2 |       6 |  25.0 |   383
       Ossuary |       0 |     261 |   0.0 |       0 |      27 |   0.0 |   810
               +---------+---------+-------+---------+---------+-------+---------
